 Dungeon Crawl Stone Soup version 0.17-a0-1830-g81820eb (webtiles) character file.

1652 TruthSerum the Fighter (level 9, -7/85 HPs)
             Began as a Hill Orc Fighter on Sept 13, 2015.
             Was an Initiate of Okawaru.
             Splashed by an oklob plant's acid (11 damage)
             ... on level 6 of the Dungeon.
             The game lasted 00:24:33 (4148 turns).

TruthSerum the Fighter (Hill Orc Fighter)           Turns: 4148, Time: 00:24:33

Health: -7/85      AC: -3    Str: 19    XL:     9   Next: 0%
Magic:  9/9        EV:  8    Int:  8    God:    Okawaru [......]
Gold:   146        SH:  9    Dex: 13    Spells: 0 memorised, 8 levels left

rFire  + . .     SeeInvis .     a - +1 long sword
rCold  . . .     Clarity  .     d - +3 leather armour of Jede {rElec}
rNeg   + . .     SustAt   .     c - +0 shield
rPois  .         Gourm    .     (no helmet)
rElec  +         Spirit   .     (no cloak)
rCorr  .         Warding  +     n - +1 pair of gloves
rMut   .         Stasis   .     (no boots)
MR     .....                    p - macabre finger necklace {Ward rN+}
Stlth  +.........               (no ring)
                                l - ring of protection from fire
                                (no ring)

@: corroded equipment, not resistant to hostile enchantments, very unstealthy
A: no striking features
a: Renounce Religion


You were on level 6 of the Dungeon.
You worshipped Okawaru.
Okawaru was noncommittal.
You were not hungry.

You visited 2 branches of the dungeon, and saw 7 of its levels.

You collected 165 gold pieces.
You spent 19 gold pieces at shops.

Inventory:

Hand weapons
 a - a +1 long sword (weapon)
Armour
 c - a +0 shield (worn)
 d - the +3 leather armour of Jede (worn) {rElec}
   (You found it on level 4 of the Dungeon)

   It insulates you from electricity.
 k - a pearl dragon hide
 n - a +1 pair of gloves (worn)
Jewellery
 b - the amulet "Ciaxt" {rMut Int+3}
   (You found it on level 4 of the Dungeon)

   [amulet of resist mutation]

   It protects you from mutation.
   It affects your intelligence (+3).
 l - a ring of protection from fire (left hand)
 p - the macabre finger necklace (around neck) {Ward rN+}
   (You found it on level 5 of the Dungeon)

   [amulet of warding]

   It may prevent the melee attacks of summoned creatures.
   It protects you from negative energy.
Scrolls
 e - 2 scrolls of teleportation
 g - 3 scrolls of enchant weapon
 r - 2 scrolls of remove curse
Potions
 h - 2 potions of heal wounds
 j - 3 potions of cancellation
 m - 2 potions of lignification
 q - 3 potions of curing
Comestibles
 s - 3 bread rations


   Skills:
 + Level 10.1 Fighting
 + Level 8.8 Long Blades
 - Level 3.2 Armour
 - Level 3.2 Shields


You had 8 spell levels left.
You didn't know any spells.

Dungeon Overview and Level Annotations

Branches:
Dungeon (6/15)             Temple (1/1) D:4

Altars:
Ashenzari
Cheibriados
Dithmenos
Fedhas
Gozag
Kikubaaqudgha
Makhleb
Nemelex Xobeh
Okawaru
Trog
Vehumet
Xom
Yredelemnul
Zin

Shops:
D:4 %   D:5 [

Annotations:
D:6 exclusion: oklob plant


Message History

You feel sick.
You feel sick.
You feel sick.
You feel sick.
You are no longer poisoned.
Found a glowing silver altar of Zin.
Marking area around the oklob plant as unsafe for travelling.
An oklob plant comes into view.
Found a scroll labeled GOGYNUE SOOSHRA.
The oklob plant spits acid at you. The splash of acid hits you!
The acid corrodes you!
The acid burns!
The oklob plant spits acid at you. The splash of acid hits you!
The acid corrodes you!
The acid burns!
* * * LOW HITPOINT WARNING * * *
You hit the oklob plant but do no damage.
The oklob plant spits acid at you. The splash of acid hits you!
* * * LOW HITPOINT WARNING * * *
The acid corrodes you!
The acid burns!
You die...

#..# #..# *, #..#
#..# #.?# ####..##
#......# * #.@P.#
#.P_P#
#..P##########
#...#........#
#...#.######.#
######...#.#....#.#
.........#......#.#
########..#.#<####.#
..........#.#.# #.#


You could see an oklob plant.

Vanquished Creatures
  The ghost of agentgt the Slicer, an experienced MfCK of Xom (D:4)
  Grinder (D:4)
  Sigmund (D:4)
  2 hungry ghosts
  A black bear (D:5)
  An ogre (D:5)
  Blork the orc (D:4)
  2 scorpions
  A hound (D:5)
  An orc priest (D:3)
  Ijyb (D:3)
  2 orc wizards (D:5)
  A worker ant (D:4)
  Robin (D:4)
  4 adders
  2 oozes
  An adder skeleton (D:3)
  2 worms (D:2)
  2 giant geckos
  12 orcs
  A ball python (D:2)
  6 bats
  18 goblins
  8 hobgoblins
  7 jackals
  5 giant cockroaches
  9 giant newts
  5 kobolds
  4 rats
103 creatures vanquished.

Notes
Turn   | Place    | Note
--------------------------------------------------------------
     0 | D:1      | TruthSerum the Hill Orc Fighter began the quest for the Orb.
     0 | D:1      | Reached XP level 1. HP: 19/19 MP: 1/1
     6 | D:1      | Noticed an iguana
     6 | D:1      | Noticed a brain worm
     6 | D:1      | Noticed a queen ant
     7 | D:1      | Noticed a hell rat
     7 | D:1      | Noticed a fire giant
   145 | D:1      | Reached skill level 4 in Fighting
   145 | D:1      | Reached XP level 2. HP: 27/27 MP: 2/2
   734 | D:1      | Reached XP level 3. HP: 31/34 MP: 3/3
  1086 | D:2      | Reached XP level 4. HP: 36/41 MP: 4/4
  1150 | D:2      | Reached skill level 5 in Fighting
  1532 | D:3      | Noticed Ijyb
  1549 | D:3      | Killed Ijyb
  1549 | D:3      | Reached XP level 5. HP: 40/48 MP: 5/5
  1885 | D:3      | Reached skill level 6 in Fighting
  1965 | D:3      | Found a blossoming altar of Fedhas.
  2182 | D:4      | Found Peorao's Food Emporium.
  2182 | D:4      | Noticed a hungry ghost
  2230 | D:4      | Killed a hungry ghost
  2230 | D:4      | Reached skill level 5 in Long Blades
  2230 | D:4      | Reached XP level 6. HP: 50/58 MP: 6/6
  2236 | D:4      | Bought a beef jerky for 19 gold pieces
  2241 | D:4      | Got a vibrating lead amulet
  2242 | D:4      | Identified the amulet "Ciaxt" {rMut Int+3} (You found it on level 4 of the Dungeon)
  2271 | D:4      | Noticed Grinder
  2280 | D:4      | Killed Grinder
  2280 | D:4      | Reached skill level 7 in Fighting
  2280 | D:4      | Reached XP level 7. HP: 16/66 MP: 7/7
  2304 | D:4      | Got a polished leather armour
  2315 | D:4      | Identified the +3 leather armour of Jede {rElec} (You found it on level 4 of the Dungeon)
  2318 | D:4      | Noticed agentgt's ghost (experienced MfCK)
  2594 | D:4      | Paralysed by agentgt's ghost for 5 turns
  2596 | D:4      | HP: 2/66 [agentgt's ghost (2)]
  2602 | D:4      | Killed agentgt's ghost
  2602 | D:4      | Reached skill level 8 in Fighting
  2602 | D:4      | Reached XP level 8. HP: 34/75 MP: 2/8
  2687 | D:4      | Found a staircase to the Ecumenical Temple.
  2693 | D:4      | Noticed Robin
  2714 | D:4      | Killed Robin
  2751 | D:4      | Found an opulent altar of Gozag.
  2853 | D:4      | Noticed Sigmund
  2873 | D:4      | Killed Sigmund
  2873 | D:4      | Reached skill level 9 in Fighting
  2949 | Temple   | Entered the Ecumenical Temple
  2963 | Temple   | Became a worshipper of Warmaster Okawaru
  3088 | D:4      | Noticed Blork the orc
  3100 | D:4      | Killed Blork the orc
  3379 | D:5      | Entered Level 5 of the Dungeon
  3977 | D:5      | Reached skill level 10 in Fighting
  3977 | D:5      | Reached XP level 9. HP: 44/85 MP: 9/9
  4036 | D:5      | Found Lyruets's Armour Boutique.
  4104 | D:5      | Gained mutation: You are partially covered in rugged brown scales (AC +1, +3% HP). [potion of mutation]
  4104 | D:5      | Gained mutation: You passively map a small area around you. [potion of mutation]
  4104 | D:5      | Gained mutation: Your body sometimes deteriorates upon taking damage. [potion of mutation]
  4107 | D:6      | Lost mutation: Your body sometimes deteriorates upon taking damage. [potion of cure mutation]
  4107 | D:6      | Lost mutation: You passively map a small area around you. [potion of cure mutation]
  4107 | D:6      | Lost mutation: You are partially covered in rugged brown scales (AC +1, +3% HP). [potion of cure mutation]
  4139 | D:6      | Found a glowing silver altar of Zin.
  4140 | D:6      | Noticed an oklob plant
  4148 | D:6      | HP: 4/85 [oklob plant/splash of acid (14)]
  4148 | D:6      | Splashed by an oklob plant's acid

Vault maps used:
D:1:      onia_arrival_zoo_common
D:3:      old_standard_altar, uniq_iyjb
D:4:      grunt_gozag_breadcrumbs, minmay_temple_entry_statues, first_bread,
          serial_shops, nicolae_shop_scaring_up_business, uniq_robin,
          uniq_sigmund, uniq_grinder, uniq_blork_the_orc
D:5:      serial_shops, shop, hangedman_decor_push
D:6:      serial_shops, nicolae_shop_trees, lemuel_oklob_altar
Temple:   circular_temple_pool_12

Action                   |  1- 3 |  4- 6 |  7- 9 || total
-------------------------+-------+-------+-------++-------
Melee: Long sword        |   102 |   145 |   182 ||   429
  Use: Scroll            |     7 |     4 |     7 ||    18
       Potion            |       |     1 |     8 ||     9
  Eat: Chunk             |     1 |     5 |     9 ||    15
       Beef jerky        |       |     2 |       ||     2
       Bread ration      |       |     1 |       ||     1
       Royal jelly       |       |     1 |       ||     1
